 Dungeon Crawl Stone Soup version 0.30-b1-2-g02819fbbbe (webtiles) character file.

Game seed: 9239643401975754135

10105 Angani the Frost Mage (level 11, -6/74 HPs)
             Began as a Formicid Ice Elementalist on May 10, 2023.
             Was a Believer of Cheibriados.
             Mangled by a minotaur (9 damage)
             ... on level 1 of the Lair of Beasts.
             The game lasted 00:21:01 (9767 turns).

Angani the Frost Mage (Formicid Ice Elementalist)   Turns: 9767, Time: 00:21:02

Health: -6/74      AC: 16    Str: 17    XL:     11   Next: 86%
Magic:  21/25      EV: 16    Int: 23    God:    Cheibriados [**....]
Gold:   343        SH:  5    Dex: 18    Spells: 16/30 levels left

rFire   . . .        p - +6 spear "Haatseag" {freeze, *Rage rC+ SInv}
rCold   + . .        e - +0 buckler
rNeg    . . .        v - +0 ring mail
rPois   .            (helmet unavailable)
rElec   .            o - +2 cloak
rCorr   .            s - +0 pair of gloves
SInv    +            D - +0 pair of boots
Will    +....        G - amulet of regeneration
Stlth   ++           u - +5 ring of evasion
HPRegen 1.12/turn    (no ring)
MPRegen 0.19/turn

%: no passive effects
@: mighty, ice-armoured, freezing walls, very slow
A: permanent stasis, dig shafts and tunnels, antennae 3, four strong arms
a: Dig, Shaft Self, Renounce Religion, Bend Time


You were on level 1 of the Lair of Beasts.
You worshipped Cheibriados.
Cheibriados was pleased with you.
You visited 3 branches of the dungeon, and saw 10 of its levels.
You also visited: Sewer.

You collected 643 gold pieces.
You spent 300 gold pieces at shops.

Inventory:

Hand Weapons
 p - the +6 spear "Haatseag" (weapon) {freeze, *Rage rC+ SInv}
   (You found it on level 3 of the Dungeon)

   rC:        It protects you from cold.
   SInv:      It lets you see invisible.
   *Rage:     It berserks you when you make melee attacks (+20% chance).
Armour
 e - a +0 buckler (worn)
 h - a +0 plate armour
 o - a +2 cloak (worn)
 s - a +0 pair of gloves (worn)
 v - a +0 ring mail (worn)
 D - a +0 pair of boots (worn)
Jewellery
 u - a +5 ring of evasion (left hand)
 G - an amulet of regeneration (around neck)
Wands
 f - a wand of flame (16)
 C - a wand of charming (6)
 E - a wand of roots (11)
Scrolls
 a - a scroll of summoning
 d - 2 scrolls of noise
 k - a scroll of silence
 r - a scroll of fog
 t - 3 scrolls of vulnerability
 y - 2 scrolls of enchant armour
 B - a scroll of brand weapon
 F - a scroll of amnesia
 H - 2 scrolls of poison
Potions
 b - a potion of magic
 c - 3 potions of flight
 i - 2 potions of cancellation
 j - 4 potions of haste
 l - 3 potions of attraction {unknown}
 m - 6 potions of curing {unknown}
 n - 3 potions of ambrosia {unknown}
 q - a potion of lignification
 w - a potion of mutation {unknown}
 x - 2 potions of brilliance {unknown}
 z - a potion of invisibility {unknown}
 A - a potion of resistance


   Skills:
 + Level 2.8 Fighting
 + Level 2.7 Armour
 - Level 1.7 Dodging
 - Level 2.4 Stealth
 + Level 3.4 Shields
 - Level 10.1 Spellcasting
 - Level 6.9 Conjurations
 - Level 7.5 Summonings
 - Level 10.2 Ice Magic


You had 16 spell levels left.
You knew the following spells:

 Your Spells              Type           Power      Damage    Failure   Level
a - Freeze                Ice            100%       1d10      1%          1
b - Frozen Ramparts       Ice            100%       1d16      1%          3
c - Ozocubu's Armour      Ice            55%        N/A       1%          3
d - Hailstorm             Conj/Ice       50%        3d11      1%          3
e - Summon Ice Beast      Ice/Summ       51%        N/A       3%          4

Your spell library contained the following spells:

 Spells                   Type           Power      Damage    Failure   Level
 Stone Arrow              Conj/Erth      54%        3d10      10%         3
 Sandblast                Erth           22%        2d7       13%         1
 Slow                     Hex            44%        N/A       13%         1
 Passwall                 Tmut/Erth      9%         N/A       19%         2
 Confusing Touch          Hex            11%        N/A       36%         3
 Vampiric Draining        Necr           11%        2d6       36%         3
 Ozocubu's Refrigeration  Ice            27%        4d13      85%         7


Dungeon Overview and Level Annotations

Branches:
Dungeon (8/15)             Temple (1/1) D:7            Lair (1/5) D:8
  Sewer (visited)

Altars:
Ashenzari
Cheibriados
Elyvilon
Fedhas
Hepliaklqana
Kikubaaqudgha
Okawaru
Qazlal
Uskayaw
Vehumet
Xom
Yredelemnul
Zin

Shops:
D:1 :=*   D:6 (

Annotations:
D:3 3 runed translucent doors, NitroKuite's ghost, weakling DEEE
D:7 1 runed translucent door


Innate Abilities, Weirdness & Mutations

You cannot be hasted, slowed, berserked, paralysed or teleported.
You can dig through walls and to a lower floor.
You have a pair of large antennae on your head. (SInv)
Your four strong arms can wield two-handed weapons with a shield.


Message History

The minotaur hits you but does no damage.
You block the minotaur's attack.
Unknown command.
You puncture the minotaur! You freeze the minotaur.
The minotaur is moderately wounded.
The wall freezes the minotaur!
The minotaur hits you.
The minotaur gores you but does no damage.
Unknown command.
You barely miss the minotaur.
The minotaur furiously retaliates!
The minotaur headbutts you, but does no damage.
The minotaur is heavily wounded.
The wall freezes the minotaur but does no damage.
You block the minotaur's attack. The minotaur gores you.
You hit the minotaur. You freeze the minotaur.
The minotaur is heavily wounded.
The wall freezes the minotaur but does no damage.
The minotaur misses you.
The minotaur gores you but does no damage.
You puncture the minotaur! You freeze the minotaur.
The minotaur is severely wounded.
The wall freezes the minotaur but does no damage.
The minotaur hits you!! The minotaur barely misses you.
The wall freezes the minotaur but does no damage.
The minotaur closely misses you. You block the minotaur's attack.
You barely miss the minotaur.
The minotaur is severely wounded.
The wall freezes the minotaur.
The minotaur completely misses you. The minotaur gores you.
You hit the minotaur but do no damage.
The minotaur is severely wounded.
The wall freezes the minotaur.
The minotaur hits you!!
* * * LOW HITPOINT WARNING * * *
The minotaur gores you but does no damage.
You hit the minotaur. You freeze the minotaur.
The minotaur is almost dead.
The wall freezes the minotaur but does no damage.
The minotaur hits you!
* * * LOW HITPOINT WARNING * * *
The minotaur gores you!
You die...

#......#.........#....##.....
#.##############.#..#........
#.# ..#.#..####.###. #.#
########.#.#..####.###. #.#
.......#.#.#..P##...... #.#
## #⌠...#.#.......#.#. #.#
##..##.#.#.#.###...###. #.#
#.>8.#.#.#.#........... #.#
#.88.H@#.#.############ #.#
##..##.#.#.# #.# ## ⌠.#.#.#
#.# ...#.#.#
#.#.##########.#.#
#.#............#.#
#.#######.######.#
#................#
##################


You could see a minotaur.

Vanquished Creatures
  A two-headed ogre (D:5)
  3 cane toads (Lair:1)
  3 komodo dragons (Lair:1)
  Prince Ribbit (D:6)
  Grinder (D:6)
  14 yaks
  4 basilisks (Lair:1)
  An acid dragon (D:8)
  8 water moccasins
  An ice beast (D:6)
  A black bear (D:8)
  An orc warrior (D:7)
  4 wolves (Lair:1)
  An ogre (D:3)
  2 centaurs (D:8)
  2 phantoms
  A kobold brigand (D:8)
  7 scorpions
  7 bullfrogs
  2 killer bees (D:7)
  3 hounds
  2 jellies (D:5)
  6 orc priests
  Crazy Yiuf (D:2)
  5 iguanas
  2 gnoll boudas
  A hell rat (Sewer)
  10 orc wizards
  7 gnolls
  10 adders
  A white imp (D:5)
  5 worms
  A dart slug (D:3)
  36 orcs
  7 endoplasms
  8 giant cockroaches
  6 goblins
  5 hobgoblins
  3 jackals
  7 kobolds
  5 quokkas
  8 ball pythons
  7 bats
  6 frilled lizards
  13 rats
  2 butterflies (D:7)
232 creatures vanquished.

Vanquished Creatures (collateral kills)
  A two-headed ogre (D:7)
  2 yaks (Lair:1)
3 creatures vanquished.

Vanquished Creatures (others)
  24 fungi
  27 plants
51 creatures vanquished.

Grand Total: 286 creatures vanquished

Notes
Turn   | Place    | Note
-------+----------+-------------------------------------------
     0 | D:1      | Angani the Formicid Ice Elementalist began the quest for
                  | the Orb.
     0 | D:1      | Reached XP level 1. HP: 13/13 MP: 3/3
    82 | D:1      | Found Peifudghe's Book Emporium.
   217 | D:1      | Found Vuestofo's Jewellery Shoppe.
   235 | D:1      | Found Wiagiveo's Assorted Antiques.
   433 | D:1      | Reached XP level 2. HP: 19/19 MP: 2/5
   701 | D:1      | Bought a scroll labelled ENYDATH UTUYGA for 18 gold pieces
   701 | D:1      | Bought a scroll labelled KOINOE FUBBEANO for 18 gold pieces
  1078 | D:2      | Reached XP level 3. HP: 18/24 MP: 1/7
  1324 | D:1      | Learned a level 3 spell: Frozen Ramparts
  1330 | D:2      | Reached XP level 4. HP: 18/30 MP: 2/8
  1741 | D:2      | Found a runed translucent door.
  1742 | D:2      | Noticed Crazy Yiuf
  2040 | D:2      | Reached skill level 5 in Ice Magic
  2429 | D:2      | Killed Crazy Yiuf
  2430 | D:2      | Reached XP level 5. HP: 30/35 MP: 3/10
  2525 | D:3      | Identified the +6 spear "Haatseag" {freeze, *Rage rC+ SInv}
  2582 | D:3      | Noticed an ogre
  2593 | D:3      | Killed an ogre
  2594 | D:3      | Reached XP level 6. HP: 41/41 MP: 7/12
  2672 | D:3      | Found a runed translucent gate.
  2672 | D:3      | Found a runed translucent gate.
  2673 | D:3      | Found a runed translucent gate.
  2675 | D:3      | Noticed NitroKuite's ghost (weakling DEEE)
  3182 | D:3      | Learned a level 3 spell: Ozocubu's Armour
  3186 | D:3      | Learned a level 3 spell: Hailstorm
  3191 | D:3      | Learned a level 4 spell: Summon Ice Beast
  3308 | D:4      | Reached skill level 5 in Spellcasting
  3519 | D:4      | Reached XP level 7. HP: 36/46 MP: 10/14
  4281 | D:5      | Entered Level 5 of the Dungeon
  4382 | D:5      | Reached XP level 8. HP: 52/52 MP: 17/17
  4459 | D:5      | Found a glowing drain.
  4479 | Sewer    | Entered a sewer
  4965 | D:5      | Noticed a two-headed ogre
  4970 | D:5      | HP: 1/52 [two-headed ogre/+0 giant club (13)]
  4975 | D:5      | Killed a two-headed ogre
  4976 | D:5      | Reached XP level 9. HP: 3/57 MP: 14/20
  5635 | D:6      | Noticed Grinder
  5645 | D:6      | Killed Grinder
  5712 | D:6      | Identified the +0 robe "Zimaconti" {rN+ Dex+4}
  5888 | D:6      | Found Useocil's Antique Weapon Shop.
  5896 | D:6      | Bought a faintly glowing spear for 264 gold pieces
  5896 | D:6      | Identified the +5 spear "Fuif" {distort, rPois rF+} (You
                  | bought it in a shop on level 6 of the Dungeon)
  6076 | D:6      | Noticed Prince Ribbit
  6085 | D:6      | Killed Prince Ribbit
  6721 | D:7      | Found a runed translucent door.
  6723 | D:7      | Found a runed translucent door.
  6730 | D:7      | Reached skill level 10 in Ice Magic
  6732 | D:7      | Reached XP level 10. HP: 57/63 MP: 19/23
  6776 | D:7      | Found a staircase to the Ecumenical Temple.
  6795 | Temple   | Entered the Ecumenical Temple
  6885 | Temple   | Became a worshipper of Cheibriados the Contemplative
  6976 | D:7      | Found a hazy altar of Hepliaklqana.
  7094 | D:7      | Reached skill level 1 in Conjurations
  7094 | D:7      | Reached skill level 1 in Summonings
  7096 | D:7      | Noticed a two-headed ogre
  7109 | D:7      | Killed a two-headed ogre
  7110 | D:7      | Reached skill level 10 in Spellcasting
  7771 | D:8      | Found a staircase to the Lair.
  8094 | D:8      | Reached * piety under Cheibriados
  8130 | D:8      | Identified the +0 rapier of Psychosis {freeze, rCorr Str+3}
  8574 | Lair:1   | Entered Level 1 of the Lair of Beasts
  8579 | Lair:1   | Reached skill level 5 in Summonings
  8629 | Lair:1   | Reached XP level 11. HP: 60/68 MP: 18/25
  8632 | Lair:1   | Reached skill level 5 in Conjurations
  8867 | Lair:1   | Reached ** piety under Cheibriados
  8964 | Lair:1   | Reached skill level 1 in Shields
  9038 | Lair:1   | Reached skill level 1 in Fighting
  9038 | Lair:1   | Reached skill level 1 in Armour
  9417 | Lair:1   | Found a runed translucent door.
  9757 | Lair:1   | Noticed a minotaur
  9767 | Lair:1   | HP: 3/74 [minotaur (16)]
  9767 | Lair:1   | Mangled by a minotaur

Illustrated notes

Levels and vault maps discovered:
D:1:      sevenhm_arrival_forest_fort_large_4, layout_basic, serial_shops,
          nicolae_shop_just_a_little_nook, nicolae_shop_window_shopping, shop
D:2:      layout_loops_ring, uniq_crazy_yiuf_cottage
D:3:      layout_rooms, gammafunk_ghost_necromancy, minmay_starry_boxes
D:4:      kennysheep_spiral_hall, layout_basic
D:5:      layout_loops_cross, cheibrodos_sewer_entry_bend
D:6:      layout_gridville, serial_shops, shop, uniq_grinder,
          uniq_prince_ribbit1
D:7:      lemuel_insect_pit, layout_loops_ring, nzn_hepliaklqana_mist_gate,
          minmay_temple_entry_tees
D:8:      layout_loops_ring, due_lair_maze_entry_diamond
Temple:   mainiacjoe_temple_hex_bubbles
Lair:1:   dreamdust_labyrinth, layout_loops_ring, grunt_megastairs_3

Skill      XL: |  1  2  3  4  5  6  7  8  9 10 11 |
---------------+----------------------------------+-----
Spellcasting   | 3 4 5 6 7 9 10 | 10.1
Ice Magic      | 5 6 7 8 10 | 10.2
Conjurations   | 4 6 |  6.9
Summonings     | 5 7 |  7.5
Shields        | 3 |  3.4
Fighting       | 2 |  2.8
Armour         | 2 |  2.7
Dodging        | |  1.7
Stealth        | |  2.4

Action                     |  1- 3 |  4- 6 |  7- 9 | 10-12 || total
---------------------------+-------+-------+-------+-------++-------
  Melee: Unarmed           |     7 |     8 |       |       ||    15
         Spear             |       |    75 |   189 |   175 ||   439
         Punch             |       |       |     1 |       ||     1
   Cast: Freeze            |    42 |    23 |     2 |       ||    67
         Frozen Ramparts   |     1 |    12 |    18 |    22 ||    53
         Ozocubu's Armour  |       |       |     2 |     1 ||     3
         Summon Ice Beast  |       |       |       |     5 ||     5
    Use: Scroll            |       |     6 |    11 |     2 ||    19
         Potion            |       |       |     1 |     1 ||     2
   Stab: Sleeping          |       |     4 |     1 |     1 ||     6
         Distracted        |       |     1 |       |       ||     1
 Armour: Robe              |    13 |    20 |     6 |       ||    39
         Ring mail         |       |       |    25 |    49 ||    74
  Dodge: Dodged            |    25 |    53 |   107 |    90 ||   275
  Block: Buckler           |       |       |     3 |    25 ||    28
